 Dungeon Crawl Stone Soup version 0.30-a0-341-g682706514a (webtiles) character file.

Game seed: 8433467892484043920

45 Shayle the Insei (level 3, -2/29 HPs)
             Began as a Djinni Reaver on Nov 4, 2022.
             Slain by a water moccasin (5 damage)
             ... on level 3 of the Dungeon on Nov 5, 2022.
             The game lasted 00:05:50 (1865 turns).

Shayle the Insei (Djinni Reaver)                    Turns: 1865, Time: 00:05:50

Health: -2/29      AC:  4    Str: 11    XL:     3   Next: 90%
Gold:   110        EV: 12    Int: 16    God:
                   SH:  0    Dex: 11

rFire   + + .      SeeInvis .    k - +0 hand axe (vamp)
rCold   x . .      Faith    .    (no shield)
rNeg    . . .      Spirit   .    a - +0 leather armour
rPois   ∞          Reflect  .    (no helmet)
rElec   .          Harm     .    (no cloak)
rCorr   .          Rampage  .    j - +0 pair of gloves
Will    .....                    (boots unavailable)
Stlth   +.........               (no amulet)
HPRegen 0.24/turn                (no ring)
MPRegen 0.00/turn                (no ring)

@: flying
A: sickness immunity, fire resistance 2, cold vulnerability 1, float, innate
caster, HP casting, extra vitality 1
a: no special abilities


You were on level 3 of the Dungeon.
You visited 1 branch of the dungeon, and saw 4 of its levels.

You collected 110 gold pieces.

Inventory:

Hand Weapons
 k - a +0 vampiric hand axe (weapon)
Armour
 a - a +0 leather armour (worn)
 j - a +0 pair of gloves (worn)
Jewellery
 h - a ring of see invisible
Scrolls
 b - a scroll of enchant armour {unknown}
 d - a scroll of fear {unknown}
 f - a scroll of amnesia {unknown}
 i - 2 scrolls of identify
 n - a scroll of summoning {unknown}
 o - a scroll of silence {unknown}
Potions
 c - 4 potions of curing
 e - a potion of mutation {unknown}
 g - a potion of magic {unknown}
 m - 2 potions of cancellation


   Skills:
 + Level 2.4 Fighting
 + Level 2.7 Dodging
 + Level 1.0 Stealth
 + Level 3.3 Unarmed Combat
 + Level 2.6 Spellcasting


You couldn't memorise any spells.
You knew the following spells:

 Your Spells              Type           Power      Damage    Failure   Level
a - Kiss of Death         Conj/Necr      40%        2d8       9%          1
b - Momentum Strike       Conj/Tloc      20%        3d8       13%         2
c - Hailstorm             Conj/Ice       10%        3d5       26%         3
d - Beastly Appendage     Tmut           20%        N/A       9%          1
Your spell library was empty.

Dungeon Overview and Level Annotations

Branches:
Dungeon (4/15)
 Temple: D:4-7

Altars:
Wu Jian


Innate Abilities, Weirdness & Mutations

You are immune to sickness and miasma.
You are immune to poison.
Your flesh is very heat resistant. (rF++)
You are vulnerable to cold. (rC-)
You float through the air rather than walking.
You learn spells naturally, not from books.
Your magical power is your life essence.
You have superior vitality. (+4 MHP)


Message History

The concentrated momentum hits the water moccasin!
You are unable to move.
The water moccasin bites you.
You barely miss the water moccasin.
The water moccasin is moderately wounded.
The water moccasin bites you but does no damage. x2
You hit the water moccasin.
You feel better.
The water moccasin is heavily wounded.
The water moccasin barely misses you. x2
You hit the water moccasin. You punch the water moccasin.
The water moccasin is heavily wounded.
The water moccasin closely misses you.
The water moccasin bites you but does no damage.
You closely miss the water moccasin.
The water moccasin is heavily wounded.
You are no longer robbed of momentum.
The water moccasin barely misses you. The water moccasin bites you.
Your magical contamination has completely faded away.
You hit the water moccasin.
The water moccasin is severely wounded.
The water moccasin bites you!
You hit the water moccasin.
The water moccasin is severely wounded.
The water moccasin barely misses you. The water moccasin misses you.
You hit the water moccasin.
The water moccasin is almost dead.
The water moccasin barely misses you. The water moccasin bites you.
* * * LOW HITPOINT WARNING * * *
You closely miss the water moccasin.
The water moccasin is almost dead.
The water moccasin misses you.
The water moccasin bites you but does no damage.
You barely miss the water moccasin.
The water moccasin is almost dead.
The water moccasin bites you.
* * * LOW HITPOINT WARNING * * *
The water moccasin misses you.
You miss the water moccasin.
The water moccasin is almost dead.
The water moccasin bites you.
You die...

...###......#
... ...##..#
#+# ###.. ..#
#... .. #.#
.####+####
#.....#
#.....#
##.S...#
#..@...#
#......#
#......#
#.###### #.
#. . #


You could see a water moccasin.

Vanquished Creatures
  2 worms (D:2)
  A dart slug (D:2)
  2 ball pythons
  6 bats
  3 endoplasms
  A giant cockroach (D:2)
  2 goblins
  3 hobgoblins
  A jackal (D:1)
  6 kobolds
  3 frilled lizards
  5 rats
35 creatures vanquished.

Vanquished Creatures (others)
  4 adders
  A shadow imp (D:3)
  2 ball pythons
  14 fungi (D:4)
21 creatures vanquished.

Grand Total: 56 creatures vanquished

Notes
Turn   | Place    | Note
-------+----------+-------------------------------------------
     0 | D:1      | Shayle the Djinni Reaver began the quest for the Orb.
     0 | D:1      | Shayle set off with the following spells memorised: Kiss of
                  | Death, Momentum Strike, Hailstorm.
     0 | D:1      | Reached XP level 1. HP: 18/18 MP: 0/0
   209 | D:1      | Reached XP level 2. HP: 17/23 MP: 0/0
   912 | D:2      | Reached XP level 3. HP: 26/28 MP: 0/0
   912 | D:2      | Learned a level 1 spell: Beastly Appendage
  1326 | D:2      | Reached skill level 1 in Stealth
  1351 | D:2      | Found a faded altar of an unknown god.
  1533 | D:2      | You are sucked into a shaft and drop 2 floors!
  1713 | D:3      | Found an ornate altar of the Wu Jian Council.
  1851 | D:3      | Noticed a water moccasin
  1865 | D:3      | Slain by a water moccasin

Illustrated notes

Levels and vault maps discovered:
D:1:      tarquinn_simple_flora_water_d, layout_basic, minmay_small_reverse_x
D:2:      layout_loops_corners, basic_ecumenical_altar, minmay_misc_feat_room
D:3:      layout_basic, pdpol_wu_jian_five_deadly_venoms
D:4:      layout_basic, elyvilon_altar_5, temple_fountains, serial_aquarium,
          aquarium_bridge_square [aquarium_subvault_bridge,
          aquarium_subvault_wall, aquarium_subvault_window,
          aquarium_subvault_wall], aquarium_bridge_island_small
          [aquarium_subvault_small_open, aquarium_subvault_bridge,
          aquarium_subvault_wall, aquarium_subvault_window,
          aquarium_subvault_window], aquarium_window_fake, aquarium_window_2,
          aquarium_window_fake, aquarium_window_1, aquarium_view_2g,
          aquarium_view_2e, aquarium_pool_corner, wad_floor_pattern_untrapped,
          minmay_misc_feat_more_columns

Skill      XL: |  1  2  3 |
---------------+----------+-----
Stealth        | 1 |  1.0
Fighting       | |  2.4
Dodging        | |  2.7
Unarmed Combat | |  3.3
Spellcasting   | |  2.6

Action                   || total
-------------------------++-------
Melee: Unarmed           ||    43
       Hand axe          ||    98
       Headbutt          ||     3
       Punch             ||     1
 Cast: Momentum Strike   ||     9
       Beastly Appendage ||     4
  Use: Scroll            ||     4
       Potion            ||     1
Armor: Leather armour    ||    58
Dodge: Dodged            ||   112

Table legend: (Time is in decaauts)
 A = Elapsed time spent in this place.
 B = Non-inter-level travel time spent in this place.
 C = Inter-level travel time spent in this place.
 D = Time resting spent in this place.
 E = Time spent auto-exploring this place.
 F = Levels seen in this place.
 G = Mean time per level.
                   A        B        C        D        E       F      G
               +--------+--------+--------+--------+--------+-----+--------+
         Total |   1890 |   1872 |     18 |    172 |   1190 |   4 |  472.5 |
       Dungeon |   1890 |   1872 |     18 |    172 |   1190 |   4 |  472.5 |
               +--------+--------+--------+--------+--------+-----+--------+

Top non-repeatable levels by time:
     D:1: 830 daAuts
     D:2: 723 daAuts
     D:3: 269 daAuts
     D:4: 67 daAuts
